 Dungeon Crawl Stone Soup version 0.31-a0-977-gc230f8ef24 (webtiles) character file.

Game seed: 8133293369137170036

54 timneilson the Ruffian (level 3, -7/36 HPs)
             Began as an Octopode Shapeshifter on Oct 29, 2023.
             Mangled by Duvessa
             ... wielding a +0 rapier
              (13 damage)
             ... on level 4 of the Dungeon.
             The game lasted 00:03:21 (2933 turns).

timneilson the Ruffian (Octopode Shapeshifter)      Turns: 2933, Time: 00:03:21

Health: -7/36      AC:  1    Str: 15    XL:     3   Next: 91%
Magic:  3/3        EV: 13    Int: 12    God:
Gold:   182        SH:  0    Dex: 11    Spells: 2/3 levels left

rFire   . .          .
                       - Unarmed
rCold   . . .        (no shield)
rNeg    . . .        (helmet currently unavailable)
rPois   .            (no amulet)
rElec   .            d - ring of see invisible
rCorr   .            (no ring)
SInv    +            (no ring)
Will    .....        (no ring) Stlth
                     (no ring)
HPRegen 0.26/turn    (no ring)
MPRegen 0.08/turn    (no ring)
                     (no ring)

%: no passive effects
@: berserking, beast-form, very quick
A: beast (slay +1), almost no armour, amphibious, 8 rings, camouflage 1,
gelatinous body 1, (nimble swimmer 1), tentacles
a: Begin Untransformation


You were on level 4 of the Dungeon.
You were a hulking beast.
You visited 1 branch of the dungeon, and saw 4 of its levels.

You collected 182 gold pieces.

Inventory:

Hand Weapons
 k - the +8 dagger of the Bespelling Gods {protect, rF+ Str+2}
   (You found it on level 3 of the Dungeon)

   Str+2:     It affects your strength (+2).
   rF+:       It protects you from fire.
Jewellery
 d - a ring of see invisible (left tentacle)
Talismans
 b - a beast talisman
 c - a flux talisman
Scrolls
 f - 2 scrolls of amnesia
 g - 3 scrolls of identify
 i - a scroll of poison
Potions
 a - a potion of lignification
 e - 2 potions of might
 n - 2 potions of mutation


   Skills:
 * Level 1.8 Fighting
 * Level 2.5 Dodging
 + Level 1.0 Stealth
 * Level 3.3 Unarmed Combat
 + Level 0.6 Spellcasting
 + Level 0.1 Hexes
 * Level 3.3 Shapeshifting


You had 2 spell levels left.
You knew the following spells:

 Your Spells              Type           Power      Damage    Failure   Level
a - Slow                  Hex            0%         N/A       30%         1

Your spell library contained the following spells:

 Spells                   Type           Power      Damage    Failure   Level
 Confusing Touch          Hex            0%         N/A       65%         3
 Sigil of Binding         Hex            0%         N/A       65%         3
 Vampiric Draining        Necr           0%         2d6       67%         3


Dungeon Overview and Level Annotations

Branches:
Dungeon (4/15)
 Temple: D:4-7

Altars:

Annotations:
D:2 1 runed translucent door, Crazy Yiuf
D:4 Dowan, Duvessa


Innate Abilities, Weirdness & Mutations

You are a hulking beast.
Your limbs bulge with bestial killing power. (Slay +1)
You cannot wear most types of armour.
You are amphibious.
You can wear up to eight rings at the same time.
Your skin changes colour to match your surroundings (Stealth+).
Your rubbery body absorbs attacks. (AC +1, EV +1)
((You are camouflaged when in or above water. (Stealth+)))
You have tentacles for arms and can constrict up to eight enemies at once.


Message History

You drop 2 potions of degeneration.
You start waiting.
You feel your willpower return.
There is a stone staircase leading down here.
You climb downwards.
There is a stone staircase leading up here.
You open the door.
There is an open door here.
You open the door.
Found a stone staircase leading down.
There is an open door here.
You open the door.
There is an open door here.
Duvessa and a giant cockroach come into view.
Dowan, Brother of Duvessa comes into view.
He is wielding a +3 vampiric dagger.
Duvessa shouts!
Dowan shouts!
Dowan gestures wildly while chanting.
Dowan blinks!
Dowan moves out of view.
The giant cockroach misses you.
You tentacle-slap the giant cockroach. Your grab misses the giant cockroach.
The giant cockroach is heavily wounded.
The giant cockroach bites you.
You closely miss the giant cockroach. You grab the giant cockroach.
You squeeze the giant cockroach.
You kill the giant cockroach!
Dowan casts a spell at Duvessa.
Duvessa seems to speed up.
You tentacle-slap Duvessa. Your grab misses Duvessa.
Your squeeze misses Duvessa.
Duvessa is lightly wounded.
Duvessa hits you with a +0 rapier! Duvessa misses you.
You tentacle-slap Duvessa but do no damage.
Your grab misses Duvessa. Your squeeze misses Duvessa.
Duvessa is lightly wounded.
Duvessa hits you with a +0 rapier!
* * * LOW HITPOINT WARNING * * *
A red film seems to cover your vision as you go berserk!
You feel yourself moving faster!
You feel mighty! Duvessa barely misses you. Duvessa hits you with a +0 rapier!
You die...

#############
.....eeh....#
###########.#
######### #.#
#.......# #.#
######.#####.# #.#
.....#.#####.# #.#
>....'.##....#######.#
.....####............#
.....# #..###########


You could see Duvessa (fast) and Dowan.

Vanquished Creatures
  2 adders (D:2)
  5 ball pythons
  6 bats
  An endoplasm (D:1)
  2 giant cockroaches
  A goblin (D:1)
  4 hobgoblins
  2 jackals (D:1)
  A quokka (D:1)
  3 kobolds
  6 rats
33 creatures vanquished.

Notes
Turn   | Place    | Note
-------+----------+-------------------------------------------
     0 | D:1      | timneilson the Octopode Shapeshifter began the quest for
                  | the Orb.
     0 | D:1      | Reached XP level 1. HP: 13/13 MP: 1/1
    87 | D:1      | Reached XP level 2. HP: 18/18 MP: 2/2
  1074 | D:2      | Reached XP level 3. HP: 17/23 MP: 3/3
  1600 | D:2      | Reached skill level 1 in Stealth
  1757 | D:2      | Found a runed translucent door.
  1758 | D:2      | Noticed Crazy Yiuf
  2351 | D:3      | Learned a level 1 spell: Slow
  2428 | D:3      | Identified the +8 dagger of the Bespelling Gods {protect,
                  | rF+ Str+2}
  2924 | D:4      | Noticed Duvessa
  2926 | D:4      | Noticed Dowan
  2933 | D:4      | Mangled by Duvessa

Illustrated notes

Levels and vault maps discovered:
D:1:      spicycebolla_arrival_ecumenical, layout_basic,
          minmay_misc_feat_ornament, grunt_decor_mini_mirrors
D:2:      layout_loops_corners, uniq_crazy_yiuf_cottage
D:3:      layout_basic
D:4:      layout_basic, minmay_shop_damaged, uniq_natasha, uniq_robin,
          uniq_duvessa

Skill      XL: |  1  2  3 |
---------------+----------+-----
Stealth        | 1 |  1.0
Fighting       | |  1.8
Dodging        | |  2.5
Unarmed Combat | |  3.3
Spellcasting   | |  0.6
Hexes          | |  0.1
Shapeshifting  | |  3.3

Action                     || total
---------------------------++-------
  Melee: Unarmed           ||    64
         Constrict         ||    19
         Tentacles         ||    10
         Punch             ||     2
    Use: Scroll            ||     9
         Potion            ||     1
   Stab: Sleeping          ||     6
 Armour: Skin              ||    25
  Dodge: Dodged            ||    49

Table legend: (Time is in decaauts)
 A = Elapsed time spent in this place.
 B = Non-inter-level travel time spent in this place.
 C = Inter-level travel time spent in this place.
 D = Time resting spent in this place.
 E = Time spent auto-exploring this place.
 F = Levels seen in this place.
 G = Mean time per level.
                   A        B        C        D        E       F      G
               +--------+--------+--------+--------+--------+-----+--------+
         Total |   2927 |   2797 |    130 |     28 |   2404 |   4 |  731.8 |
       Dungeon |   2927 |   2797 |    130 |     28 |   2404 |   4 |  731.8 |
               +--------+--------+--------+--------+--------+-----+--------+

Top non-repeatable levels by time:
     D:2: 1120 daAuts
     D:1: 1035 daAuts
     D:3: 690 daAuts
     D:4: 81 daAuts
